 Dungeon Crawl Stone Soup version 0.30-a0-723-gc1506a1cf0 (webtiles) character file.

Game seed: 10398505418369196864

271 Crownlay the Digger (level 6, 0/36 HPs)
             Began as an Octopode Earth Elementalist on Jan 28, 2023.
             Slain by a scorpion (7 damage)
             ... on level 4 of the Dungeon.
             The game lasted 00:03:51 (3283 turns).

Crownlay the Digger (Octopode Earth Elementalist)   Turns: 3283, Time: 00:03:51

Health: 0/36       AC:  1    Str:  7    XL:     6   Next: 23%
Magic:  4/10       EV: 13    Int: 19    God:
Gold:   231        SH:  0    Dex: 13    Spells: 7/11 levels left

rFire   . . .      SeeInvis .    d - +2 mace (holy)
rCold   . . .      Faith    .    (no shield)
rNeg    . . .      Spirit   .    (helmet restricted)
rPois   .          Reflect  .    (no amulet)
rElec   .          Harm     .    m - ring of wizardry
rCorr   .          Rampage  .    (no ring)
Will    .....                    (no ring)
Stlth   ++++                     (no ring)
HPRegen 0.26/turn                (no ring)
MPRegen 0.12/turn                (no ring)
                                 (no ring)
                                 (no ring)

@: very slightly contaminated
A: almost no armour, amphibious, 8 rings, camouflage 1, gelatinous body 1,
(nimble swimmer 1), tentacles
a: no special abilities


You were on level 4 of the Dungeon.
You visited 1 branch of the dungeon, and saw 4 of its levels.

You collected 231 gold pieces.

Inventory:

Hand Weapons
 d - a +2 mace of holy wrath (weapon)
Jewellery
 m - a ring of wizardry (left tentacle)
Scrolls
 b - a scroll of magic mapping {unknown}
 c - 3 scrolls of amnesia {unknown}
 e - a scroll of teleportation {unknown}
 f - a scroll of poison {unknown}
 i - a scroll of enchant armour {unknown}
 n - 2 scrolls of blinking {unknown}
 p - a scroll of noise {unknown}
Potions
 a - a potion of magic
 g - a potion of curing
 h - a potion of mutation {unknown}
 j - 2 potions of lignification {unknown}
 k - a potion of haste {unknown}
 l - 2 potions of berserk rage {unknown}
 o - a potion of resistance {unknown}


   Skills:
 - Level 2.0 Dodging
 + Level 4.7 Stealth
 + Level 3.1 Spellcasting
 + Level 2.6 Transmutations
 * Level 4.8 Earth Magic


You had 7 spell levels left.
You knew the following spells:

 Your Spells              Type           Power      Damage    Failure   Level
a - Sandblast             Erth           42%        2d11      1%          1
b - Stone Arrow           Conj/Erth      24%        3d8       7%          3

Your spell library contained the following spells:

 Spells                   Type           Power      Damage    Failure   Level
 Passwall                 Tmut/Erth      14%        N/A       1%          2
 Petrify                  Tmut/Erth      17%        N/A       13%         4


Dungeon Overview and Level Annotations

Branches:
Dungeon (4/15)
 Temple: D:4-7

Altars:
Nemelex Xobeh

Shops:
D:4 *


Innate Abilities, Weirdness & Mutations

You cannot wear most types of armour.
You are amphibious.
You can wear up to eight rings at the same time.
Your skin changes colour to match your surroundings (Stealth+).
Your rubbery body absorbs attacks. (AC +1, EV +1)
((You are camouflaged when in or above water. (Stealth+)))
You have tentacles for arms and can constrict up to eight enemies at once.


Message History

* * * LOW HITPOINT WARNING * * *
There is an open door here.
The scorpion attacks as you move away! The scorpion barely misses you.
The scorpion stings you.
* * * LOW HITPOINT WARNING * * *
The scorpion attacks as you move away! The scorpion barely misses you.
It was a potion of curing.
You feel better. The scorpion barely misses you.
You are too injured to fight recklessly!
You are too injured to fight recklessly!
Casting: Sandblast (safe; 1% risk of failure)
Confirm with . or Enter, or press ? or * to list all spells.
Aiming: Sandblast (safe; 1% risk of failure)
Press: ? - help, Shift-Dir - straight line, f/p - scorpion
Aim: a scorpion (83% to hit)
The blast of sand hits the scorpion but does no damage.
The scorpion stings you. The scorpion misses you.
Casting: Sandblast (safe; 1% risk of failure)
Confirm with . or Enter, or press ? or * to list all spells.
Aiming: Sandblast (safe; 1% risk of failure)
Press: ? - help, Shift-Dir - straight line, f/p - scorpion
Aim: a scorpion (83% to hit)
You miscast Sandblast.
You are very lightly contaminated with residual magic.
Nothing appears to happen.
The scorpion stings you.
* * * LOW HITPOINT WARNING * * *
Casting: Sandblast (safe; 1% risk of failure)
Confirm with . or Enter, or press ? or * to list all spells.
Aiming: Sandblast (safe; 1% risk of failure)
Press: ? - help, Shift-Dir - straight line, f/p - scorpion
Aim: a scorpion (83% to hit)
The blast of sand hits the scorpion.
The scorpion is lightly wounded.
The scorpion stings you.
* * * LOW HITPOINT WARNING * * *
The scorpion stings you.
* * * LOW HITPOINT WARNING * * *
You are lethally poisoned!
The scorpion poisons you!
You feel better. The scorpion stings you!
You die...

+...#.)..~.~#######+#.....
#...#).....##.............
#...##.)...##.............
#....)..#+###.............
#..[....#.# #.............
+.......'.###..........#..
#.......#o.>'..........#..
##......#s#.#..........###
#......#@#.#..........#
########.#.############
#.#.# #.#.# #.#.# ..#.#
###.#


You could see a scorpion and an orc.

Vanquished Creatures
  A necrophage (D:4)
  A scorpion (D:4)
  An orc wizard (D:3)
  3 adders
  A worm (D:2)
  A dart slug (D:1)
  10 orcs
  5 endoplasms
  2 giant cockroaches
  6 goblins
  7 hobgoblins
  7 jackals
  2 quokkas
  8 ball pythons
  3 bats
  3 frilled lizards
  12 kobolds
  4 rats
77 creatures vanquished.

Notes
Turn   | Place    | Note
-------+----------+-------------------------------------------
     0 | D:1      | Crownlay the Octopode Earth Elementalist began the quest
                  | for the Orb.
     0 | D:1      | Reached XP level 1. HP: 11/11 MP: 3/3
   182 | D:1      | Reached XP level 2. HP: 17/17 MP: 3/5
   717 | D:1      | Reached XP level 3. HP: 21/21 MP: 3/6
   759 | D:1      | Found a faded altar of an unknown god.
  1335 | D:2      | Learned a level 3 spell: Stone Arrow
  1455 | D:2      | Reached XP level 4. HP: 27/27 MP: 5/7
  2226 | D:3      | Found a sparkling altar of Nemelex Xobeh.
  2500 | D:3      | Reached XP level 5. HP: 27/31 MP: 6/9
  3131 | D:4      | Reached XP level 6. HP: 36/36 MP: 6/10
  3229 | D:4      | Found Yretuemm's Assorted Antiques.
  3233 | D:4      | Identified the +2 robe "Ceck" {Dex+4}
  3283 | D:4      | Slain by a scorpion

Illustrated notes

Levels and vault maps discovered:
D:1:      nzn_arrival_settlement, layout_basic,
          hellmonk_ecumenical_altar_slurped_away
D:2:      layout_loops_ring
D:3:      layout_loops_cross, nemelex_spade_bored_becter
D:4:      layout_basic, serial_shops, nicolae_shop_waterfront, dk_noncrumbling_4

Skill      XL: |  1  2  3  4  5 |
---------------+----------------+-----
Stealth        | 3 4 |  4.7
Earth Magic    | 4 |  4.8
Transmutations | 2 |  2.6
Spellcasting   | 3 |  3.1
Dodging        | |  2.0

Action                     |  1- 3 |  4- 6 || total
---------------------------+-------+-------++-------
  Melee: Mace              |     4 |     6 ||    10
         Unarmed           |     3 |       ||     3
         Constrict         |     2 |     3 ||     5
         Tentacles         |     2 |     3 ||     5
   Cast: Sandblast         |    44 |    70 ||   114
    Use: Potion            |       |     2 ||     2
 Armour: Skin              |     3 |     2 ||     5
  Dodge: Dodged            |    14 |    33 ||    47

Table legend: (Time is in decaauts)
 A = Elapsed time spent in this place.
 B = Non-inter-level travel time spent in this place.
 C = Inter-level travel time spent in this place.
 D = Time resting spent in this place.
 E = Time spent auto-exploring this place.
 F = Levels seen in this place.
 G = Mean time per level.
                   A        B        C        D        E       F      G
               +--------+--------+--------+--------+--------+-----+--------+
         Total |   3342 |   3289 |     53 |      0 |   2871 |   4 |  835.5 |
       Dungeon |   3342 |   3289 |     53 |      0 |   2871 |   4 |  835.5 |
               +--------+--------+--------+--------+--------+-----+--------+

Top non-repeatable levels by time:
     D:1: 1181 daAuts
     D:2: 915 daAuts
     D:3: 883 daAuts
     D:4: 362 daAuts
